 Dungeon Crawl Stone Soup version 0.27-a0-1525-g1038ab4fd7 (webtiles) character file.

Game seed: 17816140614941176239

77958 nyamberluvr69 the Peltast (level 15, -1/169 HPs)
             Began as an Octopode Berserker on July 10, 2021.
             Was a High Priest of Trog.
             Slain by a tengu reaver (4 damage)
             ... on level 13 of the Dungeon on July 11, 2021.
             The game lasted 01:20:21 (31050 turns).

nyamberluvr69 the Peltast (Octopode Berserker)     Turns: 31050, Time: 01:20:24

Health: -1/169     AC: 10    Str: 18      XL:     15   Next: 58%
Magic:  15/15      EV: 20    Int: 21 (22) God:    Trog [*****.]
Gold:   2032       SH: 14    Dex: 16      Spells: 14/14 levels left

rFire    . . .     SeeInvis +   n - +10 demon blade "Tenuadgh" {venom, rCorr Str+2 Dex-2}
rCold    + . .     Faith    .   I - +0 kite shield
rNeg     + + .     Spirit   .   J - +1 hat {Will+}
rPois    .         Reflect  .   B - amulet of the acrobat
rElec    .         Harm     .   o - +4 ring of protection
rCorr    +         Rampage  .   t - +6 ring of intelligence
Will     ++...                  f - +6 ring of intelligence
Stlth    ..........             a - +4 ring of protection
HPRegen  0.38/turn              i - ring of protection from cold
MPRegen  0.14/turn              x - ring of positive energy
                                L - ring of positive energy
                                (no ring)

@: berserking, very quick
A: almost no armour, amphibious, 8 rings, camouflage 1, gelatinous body 1,
(nimble swimmer 1), tentacles, see invisible, deterioration 1, MP-powered wands
a: Renounce Religion, Berserk, Trog's Hand, Brothers in Arms


You were on level 13 of the Dungeon.
You worshipped Trog.
Trog was extremely pleased with you.
You visited 3 branches of the dungeon, and saw 21 of its levels.
You also visited: Gauntlet and Ice Cave.

You collected 3424 gold pieces.
You spent 1392 gold pieces at shops.

Inventory:

Hand Weapons
 n - the +10 demon blade "Tenuadgh" (weapon) {venom, rCorr Str+2 Dex-2}
   (You acquired it on level 7 of the Dungeon)

   It poisons the flesh of those it strikes.
   Str:       It affects your strength (+2).
   Dex:       It affects your dexterity (-2).
   rCorr:     It protects you from acid and corrosion.
 E - the +9 rapier of the Lumpy Violins {elec, *Corrode Dex+3}
   (You found it on level 8 of the Dungeon)

   Occasionally, upon striking a foe, it can discharge electrical energy and
   cause terrible harm.
   Dex:       It affects your dexterity (+3).
   *Corrode:  It may corrode you when you take damage.
 H - a +2 vampiric rapier
 V - a +3 scimitar of flaming
 W - a +2 double sword
Missiles
 u - 10 atropa-tipped darts (quivered)
 v - a throwing net
 O - 5 boomerangs of dispersal
Armour
 I - a +0 kite shield (worn)
 J - a +1 hat of willpower (worn)
 Q - the +2 hat of Mawutic {-Tele +Inv rPois MP+9}
   (You acquired it on level 4 of the Lair of Beasts)

   rPois:     It protects you from poison.
   MP:        It affects your magic capacity (+9).
   +Inv:      It lets you turn invisible.
   -Tele:     It prevents most forms of teleportation.
Jewellery
 a - a +4 ring of protection (on tentacle)
 f - a +6 ring of intelligence (on tentacle)
 i - a ring of protection from cold (on tentacle)
 o - a +4 ring of protection (left tentacle)
 t - a +6 ring of intelligence (right tentacle)
 x - a ring of positive energy (on tentacle)
 B - an amulet of the acrobat (around mantle)
 C - a ring of ice
 L - a ring of positive energy (on tentacle)
 R - a ring of fire
 T - an amulet of reflection
Wands
 q - a wand of iceblast (17)
 s - a wand of paralysis (3)
 y - a wand of flame (91)
 K - a wand of polymorph (33)
 M - a wand of digging (7)
 Y - a wand of acid (15)
Scrolls
 b - 8 scrolls of teleportation
 k - 4 scrolls of enchant armour
 l - 4 scrolls of silence
 m - a scroll of magic mapping
 p - 2 scrolls of holy word
 A - 3 scrolls of immolation
 G - 3 scrolls of vulnerability
 P - a scroll of enchant weapon
 S - 2 scrolls of fear
 X - a scroll of summoning
 Z - 2 scrolls of identify
Potions
 c - 7 potions of might
 d - 3 potions of ambrosia
 e - 2 potions of haste
 g - 5 potions of invisibility
 h - 2 potions of magic
 j - 5 potions of flight
 r - 2 potions of attraction
 w - 2 potions of resistance
 z - 2 potions of lignification
 D - 3 potions of curing
 F - a potion of berserk rage
 N - 3 potions of cancellation
 U - 2 potions of heal wounds


   Skills:
 - Level 14.0 Fighting
 - Level 14.0 Long Blades
 + Level 13.4 Dodging
 - Level 15.0 Shields
 - Level 3.8 Evocations


You had 14 spell levels left.
You didn't know any spells.
Your spell library was empty.

Dungeon Overview and Level Annotations

Branches:
Dungeon (13/15)            Temple (0/1) D:4            Lair (6/6) D:8
  Swamp (0/4) Lair:3       Spider (0/4) Lair:2        Slime (0/5) Lair:6
    Orc (2/2) D:9             Elf (0/3) Orc:2         IceCv (visited)
Gauntlet (visited)
 Vaults: D:13-14

Altars:
Elyvilon
Nemelex Xobeh
Okawaru
Ru
Trog
Uskayaw
Wu Jian
Xom
Yredelemnul
The Shining One
Beogh

Shops:
D:3 ?   D:8 ?   D:12 [   Orc:1 **   Orc:2 ::[=

Annotations:
Lair:6 exclusion: 5 oklob plants


Innate Abilities, Weirdness & Mutations

You cannot wear most types of armour.
You are amphibious.
You can wear up to eight rings at the same time.
Your skin changes colour to match your surroundings (Stealth+).
Your rubbery body absorbs attacks. (AC +1, EV +1)
((You are camouflaged near water. (Stealth+)))
You have tentacles for arms and can constrict up to eight enemies at once.
You have supernaturally acute eyesight. (SInv)
Your body sometimes deteriorates upon taking damage.
You expend magic power (3 MP) to strengthen your wands.


Message History

You block the hell knight's attack.
You slash the hell knight!
The hell knight is poisoned.
The hell knight is heavily wounded.
You constrict the hell knight. You slice the hell knight!!
The hell knight looks as sick as possible!
Your squeeze misses the hell knight.
The hell knight is almost dead.
You constrict the hell knight.
You kill the hell knight!
Trog accepts your kill.
Trog appreciates your killing of a magic user.
You block the ettin's attack. The ettin barely misses you.
You barely miss the tengu reaver. Your grab misses the tengu reaver.
Unknown command.
You hit the tengu reaver. You grab the tengu reaver.
The tengu reaver is lightly wounded.
You constrict the tengu reaver.
The ettin hits you with a +0 dire flail!!
The ettin hits you with a +0 dire flail!!!
* * * LOW HITPOINT WARNING * * *
The tengu reaver gestures at you while chanting.
The bolt of lightning hits you!!
* * * LOW HITPOINT WARNING * * *
Your body deteriorates!
You feel dopey.
You slash the ettin!
The ettin looks as sick as possible!
The ettin is almost dead.
You constrict the tengu reaver. You slash the ettin!
You kill the ettin!
Trog accepts your kill.
You constrict the tengu reaver, but do no damage.
You slash the tengu reaver!
The tengu reaver is poisoned.
You squeeze the tengu reaver!
The tengu reaver is heavily wounded.
You constrict the tengu reaver. You block the tengu reaver's attack.
The tengu reaver pecks you.
* * * LOW HITPOINT WARNING * * *
The tengu reaver claws you.
You die...

#...# #....#.#... #####
#.##...... ## #####
#......... ... #...#
#.......####... #...#
#.##...##....
#...####......#.... ###
##..#.........#..# ...#
##..#.#.......#..#..[.#.
.'..#....#..#...@).}....
.#..#.......#...#Q|..#..
.#..#.#.###.#...#...##
##..#...#...#...###...
.#..#...#...##... ....#
.#..'.).#....#.... ####
.#..#...#....###... ....
.#..#...#......#####....
.#..#.#.#..#..........#


You could see a tengu reaver (very poisoned).

Vanquished Creatures
  Jorgrun (Orc:2)
  A minotaur (Gauntlet)
  An ettin (D:13)
  The ghost of Linoleak the Thaumaturge, a journeyman DrCj of Vehumet (D:12)
  A fire dragon (Lair:6)
  Fannar (Lair:2)
  2 ice dragons
  Erolcha (D:10)
  2 boulder beetles
  6 hydras
  2 catoblepae
  Erica (Orc:1)
  4 centaur warriors
  4 death yaks (Lair:6)
  4 two-headed ogres
  5 orc high priests
  A hell knight (D:13)
  A soul eater (Gauntlet)
  An orange crystal statue (Gauntlet)
  A swamp dragon (Lair:6)
  A deep elf pyromancer (D:8)
  2 lindwurms (Lair:6)
  2 orc sorcerers
  The ghost of Nausicaa the Ruffian, a novice VSTm of Cheibriados (D:8)
  2 wolf spiders
  An ugly thing (D:13)
  4 cyclopes
  2 ice statues (IceCv)
  6 torpor snails
  2 black mambas
  Joseph (D:7)
  Maggie (D:7)
  12 cane toads
  7 rime drakes
  An efreet (D:11)
  An unseen horror (D:12)
  8 komodo dragons
  2 polar bears
  A meliai (D:8)
  5 trolls
  8 hornets
  4 tyrant leeches
  4 dream sheep (D:9)
  A meliai zombie (D:11)
  21 blink frogs
  3 shadows
  4 wyverns
  2 vampires
  Eustachio (D:5)
  3 wraiths
  48 yaks
  3 basilisks
  2 steam dragons
  A warg (Orc:2)
  A vampire mosquito (D:11)
  3 swamp worms (Lair:3)
  5 acid dragons
  16 water moccasins
  Duvessa (D:7)
  25 orc warriors
  2 black bears (D:6)
  2 swamp drakes (Lair:6)
  4 ogres
  A sky beast (D:6)
  6 centaurs
  13 wolves
  3 phantoms
  2 kobold brigands (D:9)
  11 bullfrogs
  A wyvern zombie (D:7)
  2 gnoll sergeants
  A scorpion (D:5)
  Dowan (D:7)
  2 lindwurm simulacra (IceCv)
  5 howler monkeys
  8 wights
  2 komodo dragon simulacra (IceCv)
  2 centaur skeletons (D:6)
  2 hounds
  6 centaur zombies
  4 bullfrog skeletons
  2 jellies
  29 orc priests
  Ijyb (D:5)
  23 orc wizards
  2 iguanas
  3 killer bee zombies
  A howler monkey zombie (D:6)
  7 acid dragon simulacra (IceCv)
  6 gnolls
  3 adders (D:2)
  4 shadow imps (Gauntlet)
  15 white imps
  10 steam dragon simulacra (IceCv)
  An adder zombie (D:5)
  2 dart slugs
  73 orcs
  2 bats (D:1)
  8 endoplasms
  3 giant cockroaches
  11 goblins
  17 hobgoblins
  5 jackals
  A quokka (D:3)
  6 ball pythons
  6 frilled lizards
  24 kobolds
  5 rats
609 creatures vanquished.

Vanquished Creatures (collateral kills)
  Gastronok (Lair:1)
  2 hydras
  A cane toad (Lair:1)
  A yak (Gauntlet)
  A bullfrog (Lair:1)
6 creatures vanquished.

Vanquished Creatures (others)
  18 demonic plants (Gauntlet)
  38 fungi
  65 plants
121 creatures vanquished.

Grand Total: 736 creatures vanquished

Notes
Turn   | Place    | Note
-------+----------+-------------------------------------------
     0 | D:1      | nyamberluvr69 the Octopode Berserker began the quest for
                  | the Orb.
     0 | D:1      | Reached XP level 1. HP: 16/16 MP: 1/1
   320 | D:1      | Found a faded altar of an unknown god.
   402 | D:1      | Reached XP level 2. HP: 21/21 MP: 2/2
   845 | D:2      | Reached XP level 3. HP: 22/26 MP: 3/3
  1584 | D:2      | Reached XP level 4. HP: 33/33 MP: 4/4
  1737 | D:3      | Reached ** piety under Trog
  2661 | D:3      | Reached XP level 5. HP: 33/38 MP: 5/5
  2792 | D:3      | Found Didar's Magic Scroll Shoppe.
  2800 | D:3      | Bought a scroll of identify for 24 gold pieces
  2800 | D:3      | Bought a scroll of teleportation for 36 gold pieces
  2800 | D:3      | Bought a scroll of identify for 24 gold pieces
  2800 | D:3      | Bought a scroll of identify for 24 gold pieces
  2800 | D:3      | Bought a scroll of identify for 24 gold pieces
  2800 | D:3      | Bought a scroll of identify for 24 gold pieces
  2963 | D:4      | Found a staircase to the Ecumenical Temple.
  3466 | D:4      | Noticed a phantom
  3474 | D:4      | Killed a phantom
  3475 | D:4      | Reached skill level 5 in Fighting
  3475 | D:4      | Reached skill level 5 in Long Blades
  3475 | D:4      | Reached XP level 6. HP: 45/45 MP: 6/6
  3638 | D:4      | Found an ornate altar of the Wu Jian Council.
  3711 | D:5      | Entered Level 5 of the Dungeon
  3862 | D:5      | Noticed Ijyb
  3872 | D:5      | Killed Ijyb
  4193 | D:5      | Reached XP level 7. HP: 51/51 MP: 7/7
  4580 | D:5      | Noticed Eustachio
  4585 | D:5      | Killed Eustachio
  4777 | D:5      | Reached *** piety under Trog
  4877 | D:5      | Reached XP level 8. HP: 48/58 MP: 8/8
  5638 | D:6      | Found a shimmering altar of Xom.
  6537 | D:7      | Reached XP level 9. HP: 62/67 MP: 9/9
  6562 | D:7      | Identified a scroll of acquirement
  6563 | D:7      | Acquired the +10 demon blade "Tenuadgh" {venom, rCorr Str+2
                  | Dex-2}
  6587 | D:7      | Found a glowing golden altar of the Shining One.
  6610 | D:7      | Noticed Duvessa
  6610 | D:7      | Noticed Dowan
  6615 | D:7      | Killed Dowan
  6620 | D:7      | Killed Duvessa
  6767 | D:7      | Noticed Maggie
  6779 | D:7      | Killed Maggie
  7178 | D:7      | Reached **** piety under Trog
  7262 | D:7      | Noticed Joseph
  7269 | D:7      | Killed Joseph
  8174 | D:8      | Reached skill level 10 in Fighting
  8178 | D:8      | Reached skill level 10 in Long Blades
  8237 | D:8      | Found a staircase to the Lair.
  8241 | D:8      | Noticed a two-headed ogre
  8248 | D:8      | Reached XP level 10. HP: 76/76 MP: 10/10
  8268 | D:8      | Killed a two-headed ogre
  8338 | D:8      | Found Aduch's Magic Scroll Boutique.
  8347 | D:8      | Bought a scroll of identify for 24 gold pieces
  8347 | D:8      | Bought a scroll of identify for 24 gold pieces
  8350 | D:8      | Bought a scroll of blinking for 90 gold pieces
  8515 | D:8      | Found a runed translucent gate.
  8515 | D:8      | Found a runed translucent gate.
  8515 | D:8      | Found a runed translucent gate.
  8515 | D:8      | Noticed Nausicaa's ghost (novice VSTm)
  8517 | D:8      | Found a basalt altar of Yredelemnul.
  8544 | D:8      | Killed Nausicaa's ghost
  8627 | D:8      | Identified the +9 rapier of the Lumpy Violins {elec,
                  | *Corrode Dex+3}
  8723 | D:8      | Noticed a deep elf pyromancer
  8850 | D:8      | Killed a deep elf pyromancer
  9430 | Lair:1   | Entered Level 1 of the Lair of Beasts
  9660 | Lair:1   | Reached XP level 11. HP: 74/85 MP: 11/11
 10535 | Lair:1   | Noticed a five-headed hydra
 10542 | Lair:1   | Killed a five-headed hydra
 10568 | Lair:1   | Noticed Gastronok
 10576 | Lair:1   | Killed Gastronok
 11168 | Lair:2   | Noticed a catoblepas
 11183 | Lair:2   | Killed a catoblepas
 11184 | Lair:2   | Reached XP level 12. HP: 94/94 MP: 12/12
 11289 | Lair:2   | Noticed a six-headed hydra
 11411 | Lair:2   | Killed an eight-headed hydra
 11674 | Lair:2   | Noticed Fannar
 11686 | Lair:2   | Killed Fannar
 11849 | Lair:2   | Found a hole to the Spider Nest.
 12798 | Lair:3   | Noticed a six-headed hydra
 12798 | Lair:3   | Noticed a seven-headed hydra
 12894 | Lair:3   | Killed a nine-headed hydra
 12895 | Lair:3   | Reached skill level 2 in Shields
 13630 | Lair:3   | Found a staircase to the Swamp.
 13640 | Lair:3   | Reached skill level 3 in Shields
 14215 | Lair:4   | Reached skill level 4 in Shields
 14535 | D:8      | Bought a scroll of acquirement for 624 gold pieces
 14539 | D:8      | Acquired a manual of Shields
 14576 | D:9      | Found a staircase to the Orcish Mines.
 14590 | D:9      | Reached skill level 5 in Shields
 15022 | D:9      | Reached ***** piety under Trog
 15027 | D:9      | Reached skill level 6 in Shields
 15259 | D:9      | Reached skill level 7 in Shields
 15271 | D:9      | Found the +5 robe of Night {Dark Will+ SInv}
 15527 | D:9      | Reached skill level 8 in Shields
 15794 | D:9      | Noticed a centaur warrior
 15804 | D:9      | Killed a centaur warrior
 15805 | D:9      | Reached skill level 9 in Shields
 15805 | D:9      | Reached XP level 13. HP: 76/101 MP: 13/13
 16081 | D:9      | Reached skill level 10 in Shields
 16265 | D:10     | Entered Level 10 of the Dungeon
 16287 | D:10     | Found a sparkling altar of Nemelex Xobeh.
 16290 | D:10     | Found a hide-covered altar of Uskayaw.
 16300 | D:10     | Found an iron altar of Okawaru.
 16303 | D:10     | Found a bloodstained altar of Trog.
 16762 | D:10     | Found a white marble altar of Elyvilon.
 16903 | D:10     | Reached skill level 11 in Shields
 16989 | D:10     | Noticed Erolcha
 17183 | D:10     | Found a sacrificial altar of Ru.
 17449 | D:10     | Killed Erolcha
 17698 | Orc:1    | Entered Level 1 of the Orcish Mines
 17826 | Orc:2    | Entered Level 2 of the Orcish Mines
 17873 | Orc:2    | Reached skill level 12 in Shields
 17977 | Orc:2    | Noticed Jorgrun
 18099 | Orc:1    | Found Meeteix's CLEARANCE SALE! EVERYTHING MUST GO!.
 18369 | Orc:1    | Noticed Erica
 18386 | Orc:1    | Killed Erica
 18814 | Orc:1    | Reached skill level 13 in Shields
 18831 | Orc:1    | Found Buipaury's General Store.
 18838 | Orc:1    | Bought a scroll of identify for 26 gold pieces
 18838 | Orc:1    | Bought a scroll of identify for 26 gold pieces
 18838 | Orc:1    | Bought a scroll of identify for 26 gold pieces
 18843 | Orc:1    | Gained mutation: Your body sometimes deteriorates upon
                  | taking damage. [potion of mutation]
 18843 | Orc:1    | Gained mutation: You expend magic power (3 MP) to
                  | strengthen your wands. [potion of mutation]
 18843 | Orc:1    | Gained mutation: You have supernaturally acute eyesight.
                  | (SInv) [potion of mutation]
 19256 | Orc:2    | Killed Jorgrun
 19385 | Orc:2    | Received a gift from Trog
 19719 | Orc:2    | Paralysed by an orc sorcerer for 3 turns
 19724 | Orc:2    | Reached skill level 14 in Shields
 20557 | Orc:2    | Found Kuus Xou's Jewellery Shop.
 20557 | Orc:2    | Found Laenk's Book Boutique.
 20558 | Orc:2    | Found Zenych's Book Boutique.
 20562 | Orc:2    | Found Xup Veoss's Armour Shop.
 20569 | Orc:2    | Bought a +4 ring of protection for 396 gold pieces
 20620 | Orc:2    | Found a staircase to the Elven Halls.
 21943 | Lair:4   | Acquired the +2 hat of Mawutic {-Tele +Inv rPois MP+9}
 21976 | Lair:5   | Reached XP level 14. HP: 108/108 MP: 14/14
 21980 | Lair:5   | Reached skill level 15 in Shields
 22061 | Lair:5   | Reached skill level 1 in Evocations
 23159 | Lair:6   | Entered Level 6 of the Lair of Beasts
 23180 | Lair:6   | Found a staircase to the Slime Pits.
 23589 | Lair:6   | Reached skill level 5 in Dodging
 24125 | Lair:6   | Found a runed translucent door.
 24232 | Lair:6   | Received a gift from Trog
 24239 | Lair:6   | Paralysed by a hornet for 1 turns
 25596 | Lair:6   | Found a hide-covered altar of Uskayaw.
 25596 | Lair:6   | Found an ornate altar of the Wu Jian Council.
 25879 | Lair:6   | Reached skill level 10 in Dodging
 27222 | D:11     | Found a gate leading to a gauntlet.
 27231 | Gauntlet | Entered a Gauntlet
 27231 | Gauntlet | Found a transporter.
 27240 | Gauntlet | Found a transporter.
 27255 | Gauntlet | Found a transporter.
 27260 | Gauntlet | Found a transporter.
 27273 | Gauntlet | Noticed a quicksilver ooze
 27279 | Gauntlet | Found a transporter.
 27294 | Gauntlet | Found a transporter.
 27302 | Gauntlet | Found a large runed translucent door.
 27303 | Gauntlet | Found a large runed translucent door.
 27304 | Gauntlet | Found a large runed translucent door.
 27304 | Gauntlet | Found a large runed translucent door.
 27305 | Gauntlet | Found a runed translucent gate.
 27306 | Gauntlet | Found a transporter.
 27306 | Gauntlet | Found a runed translucent gate.
 27307 | Gauntlet | Found a runed translucent gate.
 27308 | Gauntlet | Found a large runed translucent door.
 27308 | Gauntlet | Found a large runed translucent door.
 27309 | Gauntlet | Found a large runed translucent door.
 27310 | Gauntlet | Found a large runed translucent door.
 27318 | Gauntlet | Found a transporter.
 27330 | Gauntlet | Found a transporter.
 27342 | Gauntlet | Found a transporter.
 27344 | Gauntlet | Noticed a dire elephant
 27359 | Gauntlet | Found a transporter.
 27377 | Gauntlet | Found a transporter.
 27379 | Gauntlet | Found a transporter.
 27404 | Gauntlet | Found a transporter.
 27406 | Gauntlet | Found a transporter.
 27426 | Gauntlet | Found a transporter.
 27500 | Gauntlet | Found a large runed translucent door.
 27500 | Gauntlet | Found a large runed translucent door.
 27500 | Gauntlet | Found a runed translucent door.
 27500 | Gauntlet | Found a runed translucent door.
 27501 | Gauntlet | Found a large runed translucent door.
 27502 | Gauntlet | Found a large runed translucent door.
 27504 | Gauntlet | Found a transporter.
 27520 | Gauntlet | Found a large runed translucent door.
 27520 | Gauntlet | Found a large runed translucent door.
 27521 | Gauntlet | Found a large runed translucent door.
 27522 | Gauntlet | Found a large runed translucent door.
 27524 | Gauntlet | Found a transporter.
 27652 | Gauntlet | Reached XP level 15. HP: 106/113 MP: 15/15
 28600 | D:11     | Received a gift from Trog
 29278 | D:12     | Found a runed translucent door.
 29455 | D:12     | Found Zaics's Armour Emporium.
 29873 | D:12     | Noticed Linoleak's ghost (journeyman DrCj)
 29906 | D:12     | Killed Linoleak's ghost
 30208 | D:13     | Found a frozen archway.
 30237 | IceCv    | Entered an ice cave
 31036 | D:13     | Noticed a tengu reaver
 31047 | D:13     | HP: 6/169 [tengu reaver/bolt of lightning (20)]
 31050 | D:13     | Slain by a tengu reaver

Illustrated notes

Levels and vault maps discovered:
D:1:      denvon_arrival_waterhouse, layout_loops_ring,
          ebering_ecumenical_altar_webs, st_stairs_13, minmay_tiny_reverse_x
D:2:      layout_rooms
D:3:      layout_basic, serial_shops, nicolae_shop_crystal,
          serial_park_tiny_pond, nrook_campfire
D:4:      layout_loops_cross, pdpol_wu_jian_five_deadly_venoms,
          minmay_temple_entry_waves, serial_rivers,
          chequers_serial_rivers_room_a, chequers_serial_rivers_small_3,
          chequers_serial_rivers_micro_a, chequers_serial_rivers_room_b,
          chequers_serial_rivers_micro_b
D:5:      corexii_shantytown, layout_layer_cave, chequers_serial_rivers_room_b,
          uniq_ijyb, uniq_eustachio
D:6:      cheibrodos_quashed, layout_loops_ring, xom_teletrap_fun,
          minmay_fractal_squares_5
D:7:      layout_basic, marbit_many_paths, water_maze_lemuel, uniq_joseph,
          uniq_duvessa, uniq_maggie
D:8:      minmay_distorted_concentric_squares, layout_gridville,
          nicolae_yredelemnul_ghost_church, lair_entry_dummy, serial_shops,
          nicolae_shop_competitors_out_of_business
D:9:      layout_irregular_city, david_orc_5, hellmonk_guarded_unrand_night
D:10:     layout_basic, mainiacjoe_overflow_24_doors, amcnicky_altar_gilded,
          grunt_temple_overflow_cloverleaf, serial_curves, eino_curves_01,
          eino_curves_01, eino_curves_01, eino_curves_04, minmay_orc_keep,
          uniq_erolcha
D:11:     minmay_bubble_buster, layout_irregular_city, gauntlet_entry_generic
D:12:     layout_stronghold, ebering_ghost_reflecting_pool, serial_shops, shop,
          feat_on_display
D:13:     layout_stronghold, portal_ice_cave_entry_imps, minmay_radiant
Lair:1:   layout_gridlike, uniq_gastronok
Lair:2:   layout_loops_ring, spider_nest_entry_rubble, uniq_fannar
Lair:3:   layout_gridlike, palyth_hydra_swamp_entry, grunt_megastairs_2
Lair:4:   layout_cave_pods
Lair:5:   layout_gridlike, chequers_serial_rivers_micro_a, uniq_rupert
Lair:6:   wormcave, layout_misc_corridors, guppyfry_lair_end_dragon,
          minmay_slime_entry_oklob_open, nzn_masters_of_martial_movement
Orc:1:    layout_diamond_mine, serial_shops, nicolae_diamond_shop,
          nicolae_shop_clearance, uniq_erica
Orc:2:    st_orc_mages, layout_caves, nicolae_orc_lost_temple, uniq_jorgrun

Skill      XL: |  1  2  3  4  5  6  7  8  9 10 11 12 13 14 15 |
---------------+----------------------------------------------+-----
Fighting       | 4 5 6 8 10 11 13 14 | 14.0
Long Blades    | 4 5 6 8 10 11 13 14 | 14.0
Shields        | 9 14 15 | 15.0
Evocations     | 3 |  3.8
Dodging        | 10 13 | 13.4

Action                   |  1- 3 |  4- 6 |  7- 9 | 10-12 | 13-15 || total
-------------------------+-------+-------+-------+-------+-------++-------
Melee: Falchion          |    54 |    95 |   131 |       |       ||   280
       Tentacles         |    14 |    24 |    57 |    83 |   229 ||   407
       Constrict         |    18 |    20 |    49 |    54 |    97 ||   238
       Demon blade       |       |       |    61 |   299 |   794 ||  1154
       Scimitar          |       |       |       |       |    32 ||    32
Throw: Throwing net      |       |       |       |     2 |     2 ||     4
Invok: Berserk           |       |     3 |    12 |    14 |    35 ||    64
       Brothers in Arms  |       |       |       |     3 |       ||     3
       Trog's Hand       |       |       |       |     2 |     8 ||    10
Evoke: Wand              |       |       |       |     2 |     2 ||     4
  Use: Scroll            |       |     6 |     4 |     8 |    19 ||    37
       Potion            |       |       |       |       |     5 ||     5
 Stab: Sleeping          |     8 |    11 |     5 |     7 |    10 ||    41
       Held in net/web   |       |       |       |     1 |     2 ||     3
       Paralysed         |       |       |       |       |     2 ||     2
       Distracted        |       |       |       |       |     3 ||     3
Armor: Skin              |     2 |    11 |    38 |    36 |    60 ||   147
Dodge: Dodged            |    33 |    35 |   123 |   124 |   253 ||   568
Block: Kite shield       |       |       |       |    48 |   330 ||   378
       Rpst.: Falchion   |    12 |     8 |    19 |       |       ||    39
       Demon blade       |       |       |     9 |    38 |    42 ||    89
       Scimitar          |       |       |       |       |     3 ||     3

Table legend: (Time is in decaauts)
 A = Elapsed time spent in this place.
 B = Non-inter-level travel time spent in this place.
 C = Inter-level travel time spent in this place.
 D = Time resting spent in this place.
 E = Time spent auto-exploring this place.
 F = Levels seen in this place.
 G = Mean time per level.
                   A        B        C        D        E       F      G
               +--------+--------+--------+--------+--------+-----+--------+
         Total |  31273 |  29674 |   1599 |  10370 |  14532 |  23 | 1359.7 |
       Dungeon |  15212 |  14464 |    748 |   3440 |   9138 |  13 | 1170.2 |
          Lair |  11158 |  10425 |    733 |   4643 |   4244 |   6 | 1859.7 |
  Orcish Mines |   3295 |   3178 |    117 |   1617 |    793 |   2 | 1647.5 |
      Ice Cave |    626 |    626 |      0 |    328 |     56 |   1 |  626.0 |
      Gauntlet |    980 |    980 |      0 |    341 |    301 |   1 |  980.0 |
               +--------+--------+--------+--------+--------+-----+--------+

Top non-repeatable levels by time:
  Lair:6: 3456 daAuts
  Lair:3: 1954 daAuts
     D:8: 1945 daAuts
   Orc:1: 1736 daAuts
     D:7: 1667 daAuts
  Lair:5: 1638 daAuts
  Lair:1: 1563 daAuts
   Orc:2: 1559 daAuts
     D:5: 1475 daAuts
    D:10: 1475 daAuts
     D:9: 1426 daAuts
  Lair:4: 1349 daAuts
     D:6: 1297 daAuts
     D:3: 1214 daAuts
  Lair:2: 1197 daAuts
